 Dungeon Crawl Stone Soup version 0.30-a0-6-g7c9e10e132 (webtiles) character file.

Game seed: 14622735379280543248

44 nickcage the Slasher (level 3, -1/30 HPs)
             Began as a Minotaur Gladiator on Aug 22, 2022.
             Slain by an adder (2 damage)
             ... on level 2 of the Dungeon.
             The game lasted 00:02:20 (1124 turns).

nickcage the Slasher (Minotaur Gladiator)           Turns: 1124, Time: 00:02:21

Health: -1/30      AC:  6    Str: 20    XL:     3   Next: 39%
Magic:  2/2        EV: 10    Int:  5    God:
Gold:   45         SH:  0    Dex: 11    Spells: 2/2 levels left

rFire   . . .      SeeInvis .    a - +0 long sword
rCold   . . .      Faith    .    i - orb {guile}
rNeg    . . .      Spirit   .    o - +0 scale mail
rPois   .          Reflect  .    c - +0 hat
rElec   .          Harm     .    (no cloak)
rCorr   .          Rampage  .    (no gloves)
Will    .....                    (no boots)
Stlth   ..........               (no amulet)
HPRegen 0.10/turn                (no ring)
MPRegen 0.08/turn                (no ring)

@: lethally poisoned (-1 -> -12)
A: horns 2, retaliatory headbutt
a: no special abilities


You were on level 2 of the Dungeon.
You visited 1 branch of the dungeon, and saw 2 of its levels.

You collected 67 gold pieces.
You spent 22 gold pieces at shops.

Inventory:

Hand Weapons
 a - a +0 long sword (weapon)
Missiles
 d - 3 throwing nets
 e - a javelin
 s - 4 datura-tipped darts (quivered)
Armour
 b - a +0 leather armour
 c - a +0 hat (worn)
 i - an orb of guile (worn)
 o - a +0 scale mail (worn)
Scrolls
 f - 2 scrolls of identify
 j - a scroll of teleportation {unknown}
 m - a scroll of vulnerability {unknown}
 q - a scroll of fog {unknown}
 r - a scroll of poison {unknown}
Potions
 g - a potion of flight
 h - a potion of brilliance {unknown}
 k - a potion of ambrosia {unknown}
 l - a potion of haste {unknown}
 n - a potion of heal wounds {unknown}
 p - 2 potions of berserk rage {unknown}


   Skills:
 - Level 2.4 Fighting
 + Level 5.4 Long Blades
 - Level 2.0 Throwing
 - Level 3.2 Dodging


You had 2 spell levels left.
You didn't know any spells.
Your spell library contained the following spells:

 Spells                   Type           Power      Damage    Failure   Level
 Fireball                 Conj/Fire      0%         3d3       100%        5
 Iskenderun's Battlesphe  Conj           0%         2d6       100%        5
 Conjure Ball Lightning   Conj/Air       0%         3x3d6     100%        6
 Orb of Destruction       Conj           0%         9d5       100%        7


Dungeon Overview and Level Annotations

Branches:
Dungeon (2/15)

Altars:

Shops:
D:1 *


Innate Abilities, Weirdness & Mutations

You have a pair of horns on your head.
You reflexively headbutt those who attack you in melee.


Message History

You feel sick.
You are no longer poisoned.
The adder barely misses you. The adder bites you but does no damage.
You barely miss the adder.
The adder is heavily wounded.
The adder bites you but does no damage. The adder barely misses you.
You hit the adder but do no damage.
The adder is heavily wounded.
The adder bites you. The adder misses you.
The adder bites you but does no damage.
You closely miss the adder.
The adder is heavily wounded.
The adder barely misses you. The adder misses you.
You miss the adder.
The adder is heavily wounded.
The adder bites you but does no damage. The adder misses you.
You barely miss the adder.
The adder is heavily wounded.
The adder bites you.
You are poisoned.
The adder poisons you! The adder bites you but does no damage.
The adder bites you.
You barely miss the adder. Your headbutt misses the adder.
The adder is heavily wounded.
You feel sick. The adder bites you but does no damage. The adder bites you.
* * * LOW HITPOINT WARNING * * *
You closely miss the adder.
The adder is heavily wounded.
You feel sick. The adder bites you.
* * * LOW HITPOINT WARNING * * *
You are lethally poisoned!
The adder poisons you! The adder bites you but does no damage.
You barely miss the adder. You headbutt the adder.
The adder is severely wounded.
* * * LOW HITPOINT WARNING * * *
You feel sick. The adder bites you.
* * * LOW HITPOINT WARNING * * *
You are more poisoned.
The adder poisons you! The adder bites you.
You die...

##. #.. ..# ##.## # ?..# #.## #
#..# ##.#.####.#.#$.#
####.#........(S@.#
.....<..#.##.####.# ##
##........##.####.#### ##### #.
#...#.#####.........#####...###.
####...# #####.###.......#.....
#...# #.# #######...##.. #...#
##.## ######(. #...#######...##
#.. #...##.......#.## ### ##.


You could see a neutral adder (fast, strong, insane).

Vanquished Creatures
  An adder (D:2)
  A dart slug (D:1)
  3 ball pythons (D:1)
  5 endoplasms (D:1)
  4 giant cockroaches (D:1)
  A goblin (D:1)
  2 hobgoblins
  A kobold (D:1)
  3 quokkas
  3 bats (D:1)
  3 frilled lizards (D:1)
  2 rats (D:1)
29 creatures vanquished.

Notes
Turn   | Place    | Note
-------+----------+-------------------------------------------
     0 | D:1      | nickcage the Minotaur Gladiator began the quest for the
                  | Orb.
     0 | D:1      | Reached XP level 1. HP: 18/18 MP: 0/0
   176 | D:1      | Reached skill level 4 in Long Blades
   251 | D:1      | Reached XP level 2. HP: 25/25 MP: 1/1
   361 | D:1      | Reached skill level 5 in Long Blades
   546 | D:1      | Reached XP level 3. HP: 27/30 MP: 2/2
   652 | D:1      | Found Qamu's General Store.
   657 | D:1      | Bought a scroll of identify for 22 gold pieces
  1124 | D:2      | HP: 1/30 [adder (1)]
  1124 | D:2      | Slain by an adder

Illustrated notes

Levels and vault maps discovered:
D:1:      minmay_arrival_three_doors, layout_basic, serial_shops, shop,
          minmay_hexomino_c4
D:2:      layout_loops_cross, basic_altar, minmay_misc_feat_secret_circle

Skill      XL: |  1  2 |
---------------+-------+-----
Long Blades    | 4 5 |  5.4
Fighting       | |  2.4
Throwing       | |  2.0
Dodging        | |  3.2

Action                   || total
-------------------------++-------
Melee: Long sword        ||    70
       Headbutt          ||     9
Throw: Dart              ||     1
  Use: Scroll            ||     1
Armor: Leather armour    ||    12
       Scale mail        ||    16
Dodge: Dodged            ||    57

Table legend: (Time is in decaauts)
 A = Elapsed time spent in this place.
 B = Non-inter-level travel time spent in this place.
 C = Inter-level travel time spent in this place.
 D = Time resting spent in this place.
 E = Time spent auto-exploring this place.
 F = Levels seen in this place.
 G = Mean time per level.
                   A        B        C        D        E       F      G
               +--------+--------+--------+--------+--------+-----+--------+
         Total |   1135 |   1119 |     16 |      0 |    938 |   2 |  567.5 |
       Dungeon |   1135 |   1119 |     16 |      0 |    938 |   2 |  567.5 |
               +--------+--------+--------+--------+--------+-----+--------+

Top non-repeatable levels by time:
     D:1: 885 daAuts
     D:2: 249 daAuts
